 Dungeon Crawl Stone Soup version 0.29.1-14-g9c671dbff4 (webtiles) character file.

Game seed: 13588272369729331967

20 H0rd4k the Charlatan (level 2, 0/19 HPs)
             Began as an Octopode Artificer on Feb 16, 2023.
             Slain by a jackal (1 damage)
             ... on level 1 of the Dungeon.
             The game lasted 00:01:00 (1388 turns).

H0rd4k the Charlatan (Octopode Artificer)           Turns: 1388, Time: 00:01:01

Health: 0/19       AC:  1    Str: 11    XL:     2   Next: 79%
Magic:  3/3        EV: 13    Int: 13    God:
Gold:   33         SH:  0    Dex: 12    Spells: 3/3 levels left

rFire   . . .      SeeInvis .   (no weapon)
rCold   . . .      Faith    .   (no shield)
rNeg    . . .      Spirit   .   (helmet restricted)
rPois   .          Reflect  .   (no amulet)
rElec   .          Harm     .   (no ring)
rCorr   .          Rampage  .   (no ring)
Will    .....                   (no ring)
Stlth   +++.......              (no ring)
HPRegen 0.06/turn               (no ring)
MPRegen 0.08/turn               (no ring)
                                (no ring)
                                (no ring)

@: no status effects
A: almost no armour, amphibious, 8 rings, camouflage 1, gelatinous body 1,
(nimble swimmer 1), tentacles
a: no special abilities


You were on level 1 of the Dungeon.
You visited 1 branch of the dungeon, and saw 1 of its levels.

You collected 33 gold pieces.

Inventory:

Wands
 b - a wand of flame (13) (quivered)
 c - a wand of charming (14)
 d - a wand of iceblast (5)
Scrolls
 a - a scroll of magic mapping {unknown}
 e - 2 scrolls of identify {unknown}
 h - a scroll of enchant armour {unknown}
 i - a scroll of enchant weapon {unknown}
Potions
 f - a potion of lignification {unknown}
 g - a potion of heal wounds {unknown}
 j - 2 potions of brilliance {unknown}
 k - 2 potions of invisibility {unknown}


   Skills:
 * Level 1.8 Fighting
 - Level 2.3 Dodging
 - Level 1.3 Stealth
 + Level 0.6 Unarmed Combat
 * Level 1.2 Spellcasting
 - Level 3.2 Evocations


You had 3 spell levels left.
You didn't know any spells.
Your spell library contained the following spells:

 Spells                   Type           Power      Damage    Failure   Level
 Beastly Appendage        Tmut           0%         N/A       28%         1
 Wereblood                Tmut           0%         N/A       38%         2
 Spider Form              Tmut/Pois      0%         N/A       63%         3


Dungeon Overview and Level Annotations

Branches:
Dungeon (1/15)

Altars:


Innate Abilities, Weirdness & Mutations

You cannot wear most types of armour.
You are amphibious.
You can wear up to eight rings at the same time.
Your skin changes colour to match your surroundings (Stealth+).
Your rubbery body absorbs attacks. (AC +1, EV +1)
((You are camouflaged when in or above water. (Stealth+)))
You have tentacles for arms and can constrict up to eight enemies at once.


Message History

The hobgoblin misses you. The jackal barely misses you.
You tentacle-slap the jackal.
The jackal is heavily wounded.
You constrict the jackal, but do no damage.
The hobgoblin hits you. The jackal misses you.
You tentacle-slap the jackal.
You kill the jackal!
The hobgoblin hits you.
You tentacle-slap the jackal. Your grab misses the jackal.
The jackal is severely wounded.
The jackal completely misses you. The hobgoblin misses you.
The jackal bites you. x2
You closely miss the jackal. You grab the jackal.
The jackal is severely wounded.
You constrict the jackal, but do no damage.
The hobgoblin hits you. The jackal barely misses you. The jackal bites you.
The jackal misses you.
You are too injured to fight recklessly!
There are monsters nearby!
There are monsters nearby!
Unknown command.
You release your grip on the jackal.
The hobgoblin attacks as you move away! The hobgoblin barely misses you.
The jackal bites you. The jackal attacks as you move away!
The jackal barely misses you. The hobgoblin barely misses you.
You tentacle-slap the jackal. Your grab misses the jackal.
The jackal is moderately wounded.
The hobgoblin closely misses you.
You barely miss the hobgoblin. Your grab misses the hobgoblin.
The jackal barely misses you. The hobgoblin closely misses you.
You tentacle-slap the hobgoblin but do no damage.
You grab the hobgoblin. You constrict the hobgoblin. The hobgoblin hits you.
* * * LOW HITPOINT WARNING * * *
The jackal barely misses you. x2
You release your grip on the hobgoblin.
The jackal bites you but does no damage.
The jackal bites you.
* * * LOW HITPOINT WARNING * * *
The jackal bites you.
You die...

.....## #...........
......# #...........
.......#
.#...........
........#
.##.?........
..#......#
..#..!.......
.###......#
#.#..h....... ##
#......##.#..#.......
#
#......#.#.hhg.#####
#.......#.@####
##..>......#
#.......#..#
..(...#.#..# #
.....##.#..# .#
....###.#..$ ..# ...#
#..#.... ... .^#
##.##..... .. .# #..#
......


You could see 3 jackals and a hobgoblin.

Vanquished Creatures
  4 bats (D:1)
  3 endoplasms (D:1)
  A giant cockroach (D:1)
  2 goblins (D:1)
  A hobgoblin (D:1)
  A jackal (D:1)
  2 ball pythons (D:1)
  3 rats (D:1)
17 creatures vanquished.

Vanquished Creatures (others)
  An endoplasm (D:1)
1 creature vanquished.

Grand Total: 18 creatures vanquished

Notes
Turn   | Place    | Note
-------+----------+-------------------------------------------
     0 | D:1      | H0rd4k the Octopode Artificer began the quest for the Orb.
     0 | D:1      | Reached XP level 1. HP: 13/13 MP: 1/1
   384 | D:1      | Reached XP level 2. HP: 11/18 MP: 3/3
   399 | D:1      | Reached skill level 1 in Spellcasting
  1166 | D:1      | Found a faded altar of an unknown god.
  1388 | D:1      | Slain by a jackal

Illustrated notes

Levels and vault maps discovered:
D:1:      dpeg_arrival_central, layout_basic,
          shapermc_ecumenical_altar_acropolis, roderic_roman_lattice,
          minmay_tromino_i4

Skill      XL: |  1  2 |
---------------+-------+-----
Spellcasting   | 1 |  1.2
Fighting       | |  1.8
Dodging        | |  2.3
Stealth        | |  1.3
Unarmed Combat | |  0.6
Evocations     | |  3.2

Action                   || total
-------------------------++-------
Melee: Unarmed           ||    57
       Tentacles         ||     7
       Constrict         ||    15
Evoke: Wand              ||     3
 Stab: Sleeping          ||     8
Armor: Skin              ||     9
Dodge: Dodged            ||    52
